[Event "E Women's Grand Prix | Second Leg 2022/23"]
[Site "Chess.com"]
[Date "2023.02.11"]
[Round "9"]
[White "Muzychuk, Anna"]
[Black "Tan, Zhongyi"]
[Result "0-1"]
[WhiteElo "2522"]
[BlackElo "2530"]
[ECO "B81"]
[EventDate "2023.??.??"]
[Annotator "rafael"]
[PlyCount "80"]
[Beauty "7630030377040"]
[EventType "swiss"]
[EventRounds "11"]
[EventCountry "FID"]
[TimeControl "5400+30"]

1.e4 c5 2.Nf3 e6 3.d4 cxd4 4.Nxd4 Nf6 5.Nc3 d6 {The Scheveningen Variation is not a regular guest in elite tournaments these days, mainly because of the Keres Attack, which we see in the game.} 6.g4 $1 {[%c_effect g4;square;g4;type;GreatFind;persistent;true] Clearly the most uncomfortable move for Black. White does not need to ask for permission to make this move, as is often the case against Najdorf, for example.} 6...h6 7.Rg1 {White has other promising options.} ( 7.g5 {is a little out of fashion.} 7...hxg5 8.Bxg5 Nc6 {With hundreds of games in this position.} ) ( 7.h3 {is a solid move, planning the development of the bishop on g2 and in no hurry to advance the pawns. The position is normal, but I still think White can get more out of the h4-g5 plan.} ) ( 7.h4 Nc6 8.Rg1 h5 $5 ( 8...d5 {is also a popular move.} ) 9.gxh5 ( 9.g5 Ng4 {with an acceptable position for Black.} ) 9...Nxh5 {White definitely has the advantage here, but I got a key win with Black at the 2008 World Correspondence Chess Championship. This victory helped me to achieve the title of GM in this modality.} 10.Be3 a6 11.Qd2 Bd7 12.O-O-O b5 {Lanc-Leitao, ICCF email 2008.} ) 7...Nc6 8.Be3 Be7 {A critical position. Karpov had great games against the Scheveningen and three of them in this position.} 9.Qd2 ( 9.h4 d5 10.exd5 Nxd5 11.Nxd5 exd5 ( 11...Qxd5 {This is the computer's favorite move.} ) 12.g5 hxg5 13.hxg5 Rh4 14.Qd2 Nxd4 15.Bxd4 Kf8 16.O-O-O {White has a clear advantage. Bacrot-Hou, Cap d'Agde 2019.} ) ( 9.Qe2 $5 Nxd4 ( 9...Bd7 10.h4 Nxd4 11.Bxd4 e5 12.Be3 Bc6 13.Qd3 Qa5 14.O-O-O Nxe4 15.Nxe4 d5 16.Qb3 dxe4 17.Bc4 Rf8 18.Rd5 $5 Bxd5 19.Bxd5 {with excellent compensation for the exchange. This is one of Karpov's best games. Karpov-Sax, Linares 1983.} ) 10.Bxd4 e5 11.Be3 Be6 12.O-O-O Nd7 13.Kb1 {with some advantage for White in Karpov-Andersson, Turin 1982.} ) ( 9.Be2 a6 10.Qd2 Nxd4 11.Qxd4 e5 12.Qd2 Be6 13.Bf3 Nd7 14.Nd5 Bg5 15.O-O-O Rc8 16.Kb1 Bxd5 17.exd5 Nc5 {Black was fine in Karpov-Timman, Mar del Plata 1982.} ) 9...Nxd4 10.Qxd4 e5 $5 {[%c_effect e5;square;e5;type;Interesting;persistent;true] Black changes the character of the game.} 11.Qa4+ Kf8 ( 11...Bd7 12.Bb5 {The position looks bad for Black, as the exchange of bishops accentuates the weakness on d5. But Black managed to draw a messy correspondence game.} 12...a6 13.Bxd7+ Qxd7 14.Qb3 ( 14.Qxd7+ Kxd7 15.O-O-O {is slightly better for White.} ) 14...Nxg4 15.Nd5 Nxe3 16.fxe3 Bh4+ 17.Kd2 O-O 18.Nb6 Qh3 19.Nxa8 Rxa8 20.Qxb7 Rc8 21.c3 Bf2 22.Rgd1 d5 23.exd5 Qxe3+ {with perpetual check in Moll-Banet, ICCF email 2012.} ) 12.f3 {With Black's uncastled king in a typical English Attack position, White has to have the upper hand. But things are never easy in the Sicilian.} 12...a6 13.O-O-O Be6 14.Nd5 ( 14.Kb1 {I like to test the Kb1 move in random positions, with the aim of proving my principle that this move is never too bad. Interestingly, this is one of the machine's favorite moves.} 14...b5 15.Qa3 d5 16.Bc5 $1 ) 14...b5 {Only this move is new.} ( 14...Bxd5 15.exd5 Rc8 16.Kb1 {was Abedeji-Alvarez Abejon, Madrid 2005.} ) 15.Qb4 Bxd5 16.exd5 Nd7 {Black's dream is to play Bg5 and exchange bishops, but White avoids this with her next move.} 17.h4 $1 Qc7 ( 17...Bxh4 $2 {[%c_effect h4;square;h4;type;Mistake;persistent;true] The pawn cannot be taken.} 18.Qxd6+ Be7 19.Qc6 {with a winning positional advantage for White.} ) 18.Rd2 $2 {[%c_effect d2;square;d2;type;Mistake;persistent;true] With this move, White loses all the advantage. There's no need to surrender the h-pawn.} ( 18.g5 {is the most natural.} 18...hxg5 19.hxg5 g6 $1 {[%c_effect g6;square;g6;type;GreatFind;persistent;true] With the idea of Kg7, connecting the rooks.} ( 19...Rh2 {is not good.} 20.Rd2 ) 20.f4 ) ( 18.Rh1 $5 ) ( 18.Qe1 $1 {[%c_effect e1;square;e1;type;GreatFind;persistent;true] is my favorite move, defending the pawn and waiting to advance it at the best moment.} ) 18...Bxh4 $1 19.Rh2 g5 $1 {[%c_effect g5;square;g5;type;GreatFind;persistent;true] A difficult move to play, but now White can no longer advance the dangerous g-pawn.} ( 19...Be7 20.g5 {is unpleasant.} ) 20.f4 $2 {[%c_effect f4;square;f4;type;Mistake;persistent;true] A mistake never comes alone...} ( 20.c4 {I thought this move could be interesting, preparing to bring the rook into the game via c2. But the computer is unimpressed.} 20...Rb8 $1 {[%c_effect b8;square;b8;type;GreatFind;persistent;true] With the idea of playing a5-b4.} ( 20...bxc4 21.Rc2 $1 ) ) ( 20.Kb1 {is possible, as always. White has some compensation for the pawn, thanks to weaknesses on the light squares.} ) 20...Rc8 $2 {[%c_effect c8;square;c8;type;Mistake;persistent;true] Black should immediately follow the plan that she will carry out later in the game.} ( 20...exf4 21.Bxf4 ( 21.Bd4 f6 ) 21...gxf4 22.Rxh4 Rc8 {And the knight will jump to e5 with advantage for Black.} ) 21.Bd3 $2 ( 21.fxg5 $1 hxg5 22.Bd3 {The bishop goes to f5, and now White has great compensation.} ) 21...exf4 $1 22.Bxf4 ( 22.Bd4 {Perhaps Muzychuk counted on this move, but it looks better than it actually is.} 22...f6 ( 22...Rg8 {is also possible, sacrificing the exchange.} 23.Bh7 $6 Re8 $1 24.Bxg8 Kxg8 {With excellent compensation.} ) 23.Bf5 ( 23.Re2 Ne5 24.Bxe5 fxe5 25.Rxe5 Qc5 $1 26.Qxc5 Rxc5 {with a winning endgame for Black. The h4-bishop has become a monster.} ) 23...Kg7 {White doesn't have enough compensation for the two pawns.} ) 22...gxf4 23.Rxh4 Ne5 {Considering what happened in the opening, this position seems like a sweet dream for Black. The knight on e5 is such a strong piece in this pawn structure.} 24.Qe4 ( 24.Bf5 $2 Qxc2+ $1 25.Bxc2 Nd3+ {wins more material.} ) 24...Qc5 25.Rgh1 ( 25.Rf1 {is a better try.} ) 25...Re8 26.R4h3 f3 $1 27.Rf1 Rg8 $1 28.Qh7 Qe3+ 29.Kd1 h5 $6 {[%c_effect h5;square;h5;type;Inaccuracy;persistent;true] Tan was in severe time trouble and plays a pretty move that objectively is not the best.} ( 29...Nxd3 30.Qxd3 Qe2+ 31.Kc1 {This is similar to what will happen in the game later but not so effective.} 31...Re3 32.Qxe2 fxe2 33.Rxf7+ $1 Kxf7 34.Rxe3 ) ( 29...Rg6 $3 {[%c_effect g6;square;g6;type;Brilliant;persistent;true] This is a superb computer move. The queen is cut from the game.} 30.Re1 ( 30.Bxg6 Qe2+ ) 30...Qd4 {White's position collapses.} ) 30.g5 $6 ( 30.gxh5 $2 Rg2 {followed by mate.} ) ( 30.Rxh5 $2 Nxg4 {and now White cannot capture on f3.} ) ( 30.Qxh5 $2 Nxd3 ) ( 30.Re1 $1 {[%c_effect e1;square;e1;type;GreatFind;persistent;true] This is the only move to keep the fight.} ) 30...Nxd3 ( 30...Rg6 {is also good.} ) 31.Qxd3 Qe2+ 32.Kc1 Qxd3 ( 32...Re3 {also wins:} 33.Qxe2 fxe2 34.Rxf7+ Kxf7 35.Rxe3 Rxg5 36.Rxe2 Rxd5 ) 33.cxd3 Rxg5 34.Rhxf3 Re7 {The d5-pawn will fall. The endgame is winning.} 35.Kd2 Rxd5 36.Rc1 Ree5 ( 36...Kg7 ) 37.Rc7 ( 37.Rcf1 $1 {[%c_effect f1;square;f1;type;GreatFind;persistent;true] is more stubborn.} ) 37...Rf5 38.Rxf5 Rxf5 39.Rc6 h4 40.Rxd6 Rh5 ( 40...Rh5 41.Rf6 h3 42.Rf1 h2 43.Rh1 Ke7 ) 0-1

[Event "E Women's Grand Prix | Second Leg 2022/23"]
[Site "Chess.com"]
[Date "2023.02.12"]
[Round "10"]
[White "Kosteniuk, Alexandra"]
[Black "Koneru, Humpy"]
[Result "1/2-1/2"]
[WhiteElo "2519"]
[BlackElo "2572"]
[ECO "C84"]
[EventDate "2023.??.??"]
[Annotator "rafael"]
[PlyCount "156"]
[Beauty "4331650678792"]
[EventType "swiss"]
[EventRounds "11"]
[EventCountry "FID"]
[TimeControl "5400+30"]

1.e4 e5 2.Nf3 Nc6 3.Bb5 a6 4.Ba4 Nf6 5.O-O Nxe4 6.d4 Be7 $5 {[%c_effect e7;square;e7;type;Interesting;persistent;true] A not-so-popular move but interesting to play as a surprise factor. It has been employed a few times by Carlsen, among others.} ( 6...b5 {This is the main variation of the Open Ruy Lopez with thousands of games.} 7.Bb3 d5 8.dxe5 Be6 ) 7.dxe5 $6 {[%c_effect e5;square;e5;type;Inaccuracy;persistent;true] A harmless move, indicating that Kosteniuk was surprised by Koneru's opening choice.} ( 7.Re1 b5 8.Rxe4 d5 9.Nxe5 Nxe5 10.Rxe5 bxa4 {This is the critical position of the system, and White must look for an advantage here.} ) 7...Nc5 8.Bxc6 dxc6 9.Qe2 ( 9.Qxd8+ Bxd8 {This ending is a better version for Black compared to the Berlin Defense, as it's still possible to castle.} ) 9...Bg4 ( 9...Qd7 {it's an interesting move, preparing to take the queen to g4.} ) 10.h3 ( 10.Rd1 ) 10...Bh5 {This move, surprisingly, is innacurate.} ( 10...Bxf3 $1 11.Qxf3 Qd5 $1 {[%c_effect d5;square;d5;type;GreatFind;persistent;true] Black trades the advantage of the pair of bishops for a quick and harmonious development. This \"exchange of advantages\" is one of the hardest strategies to understand in chess.} 12.Qe2 ( 12.Qg3 Ne4 13.Qxg7 O-O-O {with a strong initiative.} ) 12...O-O-O 13.Nc3 Qe6 {with a comfortable position for Black.} ) 11.Rd1 {This natural move is a novelty.} ( 11.Nc3 {I am amazed at how many games relevant to opening theory are played on Titled Tuesdays.} 11...Qc8 12.Re1 O-O 13.Be3 {Bologan-Khanin, Titled Tuesday 2021.} ) ( 11.g4 $1 {[%c_effect g4;square;g4;type;GreatFind;persistent;true] is the right way to fight for the initiative.} 11...Bg6 12.Rd1 Qc8 13.Nd4 h5 14.Nc3 {with a complicated game.} ) 11...Qc8 12.Be3 ( 12.g4 {Now Black has the option to sacrifice the bishop and execute perpetual check.} 12...Bxg4 13.hxg4 Qxg4+ 14.Kh2 Qh5+ {with a draw.} ) 12...Ne6 ( 12...O-O {is also possible, following the principle: \"When in doubt, just castle.\"} ) 13.Nbd2 Bg6 14.Qc4 c5 15.a4 O-O {The position is a little more comfortable for Black, thanks to the pair of bishops.} 16.Nf1 $6 ( 16.Ne1 {keeps the game more or less balanced. The move is useful to prepare the advance of the kingside pawns and also to protect the c2-pawn.} ) 16...Rd8 ( 16...b5 $1 {[%c_effect b5;square;b5;type;GreatFind;persistent;true] Black can play this pawn advance immediately. Now we see why it's important to have the c2-pawn defended.} 17.axb5 axb5 18.Qe2 ( 18.Qxb5 Bxc2 19.Rxa8 Qxa8 20.Rd2 Be4 {with a clear advantage. We will have a similar position in the game later.} ) 18...Qb7 {with a better position for Black.} ) 17.Ng3 Rxd1+ 18.Rxd1 Qe8 ( 18...b5 {Again this move is possible, but the move played is also good.} ) 19.h4 b5 20.Qe2 h6 21.h5 Bh7 22.axb5 axb5 23.c4 $6 {[%c_effect c4;square;c4;type;Inaccuracy;persistent;true] This makes things worse.} ( 23.Ne1 $15 ) 23...bxc4 $1 24.Qxc4 Rb8 {Now the rook is more active and can go to b4. The b-pawn becomes a target.} 25.Qa2 Qb5 26.Rd2 Qc6 27.Qa3 Rb4 ( 27...Ra8 28.Qc3 Be4 $1 {[%c_effect e4;square;e4;type;GreatFind;persistent;true] Once again in this game we see a case in which it's interesting to surrender the advantage of the bishop pair. In this case, the explanation is the attack on the h5-pawn, which will inevitably be captured.} 29.Nxe4 Qxe4 ) 28.Rd1 Ra4 29.Qc3 Qb5 30.Rd2 Bf8 31.Ne2 $6 {[%c_effect e2;square;e2;type;Inaccuracy;persistent;true] This move allows Black to improve the bishop. It is better to make a random waiting move.} ( 31.Kh2 ) 31...Be4 32.b3 $6 ( 32.Ng3 ) 32...Rb4 33.Nc1 Bxf3 34.gxf3 c4 $1 {[%c_effect c4;square;c4;type;GreatFind;persistent;true] Black has a decisive advantage. Her pieces are more active, White's pawns are too weak, and the king is exposed.} 35.Rb2 Qb7 36.Bd2 Bc5 37.Rb1 Nd4 ( 37...Bd4 {is a nice way to finish the game:} 38.Qxb4 Qxf3 39.Be3 Nf4 $1 {[%c_effect f4;square;f4;type;GreatFind;persistent;true] with a decisive attack.} ) 38.Kg2 Nxb3 ( 38...cxb3 $1 {[%c_effect b3;square;b3;type;GreatFind;persistent;true] is more accurate. Black decides the game with a mating attack.} 39.Qxc5 Qxf3+ 40.Kh2 Qxh5+ 41.Kg2 Qg4+ 42.Kf1 ( 42.Kh2 Nf3+ ) 42...Qh3+ 43.Ke1 Qh1# ) 39.Be1 Nxc1 40.Rxb4 Bxb4 41.Qxc1 Bxe1 42.Qxe1 {I've written in previous analysis that queen endgames are the most difficult in chess. \"A queen gives a lot of checks\" is a common saying among chess players. But no reason for Black to worry so much, as the position is still winning.} 42...Qd5 43.Qb4 Qxe5 44.Qb8+ Kh7 45.Qb1+ f5 46.Qb7 Qc5 47.Qa6 c3 ( 47...Qe7 {wins easily. We will see this same pattern later.} 48.Qxc4 Qg5+ 49.Kf1 Qxh5 {with a two-pawn advantage.} ) 48.Qg6+ Kg8 49.Qe8+ Qf8 50.Qc6 {Now Black only has one winning move.} 50...Qf6 $2 ( 50...Qe7 $1 51.Qxc3 Qg5+ 52.Kf1 Qxh5 53.Qxc7 Qxf3 {with an easy win.} ) 51.Qxc7 Kh7 ( 51...Qg5+ 52.Kf1 Qxh5 53.Qxc3 {This is the difference: the queen captures the pawn and protects f3 at the same time. It turns out that this endgame is a draw.} ) 52.Kh3 {Sooner or later Black will have to exchange the c3-pawn for the h5-pawn.} 52...f4 53.Qc5 Kg8 54.Qc8+ Kf7 55.Qd7+ Kf8 56.Qc8+ Ke7 57.Qc7+ Ke6 58.Qc6+ Ke7 59.Qc7+ Kf8 60.Qc8+ Kf7 61.Qd7+ Kg8 62.Qc8+ Kh7 63.Qc5 Qg5 64.Qxc3 Qxh5+ 65.Kg2 Qg6+ 66.Kh2 {The endgame is an easy draw, as Black has no plan to advance the pawns and escape from the checks.} 66...Qf5 67.Qa1 Kg6 68.Qd4 Qh5+ 69.Kg2 Qg5+ 70.Kh2 Kh5 71.Qd7 Kg6 72.Qe8+ Kh7 73.Qe4+ g6 74.Qb7+ Kg8 75.Qc8+ Kf7 76.Qc7+ Ke6 77.Qc6+ Kf7 78.Qc7+ Ke6 1/2-1/2